 Dungeon Crawl Stone Soup version 0.29-a0-337-g68df138881 (webtiles) character file.

Game seed: 11830381002206356555

5651 spaghetti the Thaumaturge (level 10, -2/87 HPs)
             Began as a Deep Dwarf Summoner on Apr 17, 2022.
             Was a Follower of Ru.
             Slain by a wight
             ... wielding a +3 great sword
              (16 damage)
             ... on level 8 of the Dungeon.
             The game lasted 00:43:59 (12166 turns).

spaghetti the Thaumaturge (Deep Dwarf Summoner)    Turns: 12166, Time: 00:44:00

Health: -2/87      AC:  2    Str: 12    XL:     10   Next: 46%
Magic:  29/30 (21) EV: 14    Int: 20    God:    Ru [*.....]
Gold:   124        SH:  0    Dex: 13    Spells: 4/25 levels left

rFire   . . .      SeeInvis +   T - +6 spear (protect) {polearm}
rCold   . . .      Faith    .   (no shield)
rNeg    . . .      Spirit   .   E - +0 robe
rPois   .          Reflect  .   (no helmet)
rElec   .          Harm     .   H - scarf {repulsion}
rCorr   .          Rampage  .   (no gloves)
Will    +....                   (no boots)
Stlth   ++........              (no amulet)
HPRegen 0.00/turn               s - ring of magical power
MPRegen 0.22/turn               N - ring of see invisible

@: repel missiles
A: damage resistance, heal wounds, sense surroundings 2, inability to train
armour, no regeneration
a: Heal Wounds, Renounce Religion


You were on level 8 of the Dungeon.
You worshipped Ru.
Ru was aware of your devotion.
You visited 2 branches of the dungeon, and saw 10 of its levels.
You also visited: Sewer and Ossuary.

You collected 468 gold pieces.
You spent 344 gold pieces at shops.


Innate Abilities, Weirdness & Mutations

You are resistant to damage.
You can heal yourself by infusing magical energy.
You passively map the area around you.
You cannot train Armour skill.
You do not regenerate.


   Skills:
 + Level 4.9 Fighting
 + Level 5.1 Dodging
 - Level 2.4 Stealth
 - Level 8.0 Spellcasting
 - Level 8.0 Summonings
 + Level 3.2 Necromancy
 - Level 5.0 Air Magic


You had 4 spell levels left.
You knew the following spells:

 Your Spells              Type           Power      Damage    Failure   Level
a - Summon Small Mammal   Summ           100%       N/A       1%          1
b - Call Imp              Summ           40%        N/A       1%          2
c - Call Canine Familiar  Summ           40%        N/A       1%          3
d - Summon Guardian Gole  Hex/Summ       24%        N/A       4%          3
e - Swiftness             Air            28%        N/A       3%          3
f - Poisonous Vapours     Pois/Air       36%        N/A       4%          2
g - Vampiric Draining     Necr           20%        2d7       7%          3
h - Summon Lightning Spi  Summ/Air       34%        N/A       6%          4

Your spell library contained the following spells:

 Spells                   Type           Power      Damage    Failure   Level
 Animate Skeleton         Necr           40%        N/A       2%          1
 Pain                     Necr           80%        1d8       2%          1
 Corpse Rot               Necr/Air       48%        N/A       2%          2
 Shock                    Conj/Air       72%        1d7       3%          1
 Apportation              Tloc           16%        N/A       9%          1
 Airstrike                Air            14%        N/A       11%         4
 Ignite Poison            Fire/Tmut/Pois 8%         N/A       26%         3
 Sticky Flame             Conj/Fire      8%         2d3       63%         4
 Lightning Bolt           Conj/Air       9%         1d21      63%         5
 Dispersal                Tloc           4%         N/A       100%        6

Inventory:

Hand Weapons
 a - a +2 dagger of protection {short}
   (You found it on level 4 of the Dungeon)
 b - a +0 hunting sling {sling}
   (You found it on level 1 of the Dungeon)
 d - a +0 dagger {short}
   (You took it off a kobold on level 1 of the Dungeon)
 g - a +0 dagger {short}
   (You took it off a goblin on level 1 of the Dungeon)
 h - a +0 club {mace}
   (You took it off a goblin on level 1 of the Dungeon)
 l - a +0 dagger {short}
   (You found it on level 1 of the Dungeon)
 D - a +0 rapier {short}
   (You took it off Eustachio on level 4 of the Dungeon)
 K - a +2 quarterstaff of chaos {staff}
   (You found it on level 5 of the Dungeon)
 T - a +6 spear of protection (weapon) {polearm}
   (You took it off a wight on level 7 of the Dungeon)
Missiles
 e - 3 datura-tipped darts {throwing}
 m - 247 stones {throwing}
 t - 4 atropa-tipped darts {throwing}
 y - 10 curare-tipped darts {=fthrowing}
 B - 45 poisoned darts {throwing}
 F - a throwing net {=f!fthrowing}
 L - 5 boomerangs {throwing}
Armour
 E - a +0 robe (worn)
 H - a scarf of repulsion (worn)
   (You bought it in a shop on level 4 of the Dungeon)
Magical Staves
 U - a staff of earth {!astaff}
   (You took it off a kobold on level 8 of the Dungeon)
Jewellery
 s - a ring of magical power (left hand)
   (You found it on level 2 of the Dungeon)
 v - a ring of fire
   (You found it on level 3 of the Dungeon)
 N - a ring of see invisible (right hand)
   (You found it on level 6 of the Dungeon)
 P - a ring of willpower
   (You found it on level 7 of the Dungeon)
 R - a +6 ring of dexterity
   (You found it on level 7 of the Dungeon)
 S - a ring of flight
   (You found it on level 7 of the Dungeon)
Wands
 z - a wand of flame (26)
   (You found it on level 3 of the Dungeon)
 A - a wand of iceblast (13)
   (You took it off Ijyb on level 4 of the Dungeon)
 O - a wand of acid (11)
   (You found it on level 6 of the Dungeon)
Scrolls
 f - 3 scrolls of teleportation {@r4}
 i - 3 scrolls of immolation {!r!r}
 k - 3 scrolls of noise {!r}
 n - 2 scrolls of magic mapping {!r}
 q - 2 scrolls of amnesia
 r - a scroll of fear
 w - 2 scrolls of enchant armour
 x - 2 scrolls of enchant weapon
 C - 2 scrolls of fog
 I - 3 scrolls of identify {@r1}
 J - 2 scrolls of vulnerability {!r!r}
Potions
 c - 3 potions of magic
 j - 6 potions of attraction {!q}
 o - a potion of invisibility
 p - 2 potions of curing {@q1}
 u - 2 potions of degeneration {!q@e2}
 G - a potion of might
 Q - 2 potions of heal wounds {@q2}

Dungeon Overview and Level Annotations

Branches:
Dungeon (9/15)             Temple (1/1) D:6            Lair (0/6) D:8
  Sewer (visited)         Ossuary (visited)
    Orc: D:9-12

Altars:
Ashenzari
Cheibriados
Dithmenos
Elyvilon
Fedhas
Gozag
Hepliaklqana
Kikubaaqudgha
Makhleb
Nemelex Xobeh
Okawaru
Qazlal
Ru
Sif Muna
Trog
Uskayaw
Wu Jian
Yredelemnul
Zin
The Shining One

Shops:
D:3 (   D:4 **:   D:5 [

Annotations:
D:7 2 transporters, Bediveer's ghost, novice TeCj
D:9 1 transporter

###).))).....ยง..# , ,, ,
, ..####)).....ยง..#* .>
,, .....#......[/..# , #.
. * P.P_.##..)......#
..#.# , *
##P..##....##.)## r.. . ,
.#####.........# ......,
##.............###.#....,
*
##.......#.#...z........
,** *
................@.......
......######...Y#.......
* ** .....# ##...#.......
,, ...... * ###...###...
* ...... * #.... .K >


cK.... ,, ....., K * K...oo * * .#...< , * ....#. * . ... , .K..# * ,, , * You
could see a death yak, a wight, 2 kobolds and a rat.


Message History

Ru asks you to sacrifice your Armour skill.
This is a major sacrifice.
Piety after sacrifice: *.....
Do you really want to make this sacrifice?
Okay, then.
Ru asks you to sacrifice your Armour skill.
This is a major sacrifice.
Piety after sacrifice: *.....
Do you really want to make this sacrifice?
You can no longer train Armour skill.
You now exude an aura of power that intimidates your foes.
Unknown command.
Unknown command.
There is a transporter landing site here.
You swap places.
Your hound disappears in a puff of smoke!
There is a transporter landing site here.
Found a stone staircase leading down.
A troll comes into view.
Casting: Summon Guardian Golem (dangerous; 4% risk of failure)
Confirm with . or Enter, or press ? or * to list all spells.
An electric hum fills the air. ๐Ÿ˜จ MP[-4]
You lost 4 mp, and now have 26/30 mp.
Casting: Summon Lightning Spire (dangerous; 6% risk of failure)
Confirm with . or Enter, or press ? or * to list all spells.
The troll shouts! ๐Ÿ˜จ MP[-3]
You lost 3 mp, and now have 23/30 mp.
Casting: Call Canine Familiar (safe; 1% risk of failure)
Confirm with . or Enter, or press ? or * to list all spells.
A beastly little devil appears in a puff of frigid air.
Your lightning spire shoots out a bolt of lightning at the troll!
The bolt of electricity hits the troll. ๐Ÿ˜จ MP[-2]
You lost 2 mp, and now have 21/30 mp.
Casting: Call Imp (safe; 1% risk of failure)
Confirm with . or Enter, or press ? or * to list all spells.
A guardian golem appears, shielding your allies.
The troll barely misses your wolf. The troll closely misses your wolf.
The troll claws your wolf! ๐Ÿ˜จ MP[-2]
You lost 2 mp, and now have 19/30 mp.
Your wolf closely misses the troll.
Your wolf bites the troll.
The troll misses your wolf. The troll barely misses your wolf. x2
Casting: Summon Guardian Golem (dangerous; 4% risk of failure)
Confirm with . or Enter, or press ? or * to list all spells.
Your wolf barely misses the troll.
The troll bites your wolf! The troll claws your wolf.
The troll claws your wolf! ๐Ÿ˜จ MP[-1]
You lost 1 mp, and now have 18/30 mp.
Casting: Summon Small Mammal (safe; 1% risk of failure)
Confirm with . or Enter, or press ? or * to list all spells.
Your wolf bites the troll!
The troll bites your guardian golem. The troll claws your guardian golem.
The troll claws your guardian golem! ๐Ÿ˜จ MP[-1]
You lost 1 mp, and now have 17/30 mp.
Your wolf bites the troll.
Your wolf barely misses the troll.
Your guardian golem overheats!
The troll bites your guardian golem. Flame seeps out of your guardian golem.
The troll claws your guardian golem but does no damage.
The troll claws your guardian golem! Flame seeps out of your guardian golem.
Your wolf bites the troll but does no damage.
Your lightning spire shoots out a bolt of lightning at the troll!
The bolt of electricity hits the troll!
Your guardian golem is engulfed in blazing flames.
Your guardian golem disappears in a puff of smoke!
The fiery explosion engulfs your bat!!
Your bat dies!
Your bat's corpse disappears in a puff of smoke!
The fiery explosion engulfs your wolf!!
Your wolf dies!
Your wolf's corpse disappears in a puff of smoke!
The fiery explosion engulfs your lightning spire.
Your lightning spire resists.
The fiery explosion engulfs your white imp!!!
Your white imp is burned terribly!
Your white imp dies!
Your white imp disappears in a puff of smoke!
The fiery explosion engulfs the troll!!!
The troll dies!
The fiery explosion engulfs your quokka!!
Your quokka dies!
Your quokka's corpse disappears in a puff of smoke!
Training target 8.0 for Summonings reached!
Your Dodging skill increases to level 5!
Your Summonings skill increases to level 8! ๐Ÿ˜จ MP[+1]
(D) Dungeon (T) Temple (L) Lair
Where to? (Enter - D:7, ? - help)
Your lightning spire is engulfed in blazing flames.
Your lightning spire is engulfed in blazing flames.
Your lightning spire is engulfed in blazing flames.
Things that are here:
a +0 spear of venom {polearm}; a gnoll skeleton
There is a stone staircase leading up here.
You climb upwards.
The death yak gores you!!
* * * LOW HITPOINT WARNING * * *
A kobold comes into view. It is wielding a +0 club.
The rat twitches its whiskers.
The wight hits you with a +3 great sword!!
You die...

Skill      XL: |  1  2  3  4  5  6  7  8  9 10 |
---------------+-------------------------------+-----
Summonings     | 4 5 7 8 |  8.0
Spellcasting   | 2 3 4 5 6 8 |  8.0
Air Magic      | 2 3 4 5 |  5.0
Fighting       | 3 4 |  4.9
Dodging        | 3 5 |  5.1
Necromancy     | 3 |  3.2
Stealth        | |  2.4

Action                   |  1- 3 |  4- 6 |  7- 9 | 10-12 || total
-------------------------+-------+-------+-------+-------++-------
Melee: Dagger            |       |     8 |    15 |       ||    23
       Punch             |       |       |     1 |       ||     1
       Quarterstaff      |       |       |    25 |       ||    25
       Spear             |       |       |       |     9 ||     9
 Fire: Hunting sling     |    15 |    22 |       |       ||    37
 Cast: Summon Small Mamm |    32 |    54 |    84 |    21 ||   191
       Call Imp          |    12 |    31 |    49 |    12 ||   104
       Call Canine Famil |       |    39 |    53 |    14 ||   106
       Summon Guardian G |       |       |    18 |     7 ||    25
       Poisonous Vapours |       |       |     8 |     1 ||     9
       Summon Lightning  |       |       |    11 |    17 ||    28
Invok: Sacrifice Durabil |       |       |       |     1 ||     1
 Abil: Heal Wounds       |       |       |     1 |       ||     1
Evoke: Wand              |       |       |     3 |       ||     3
  Use: Potion            |     1 |     5 |     6 |     3 ||    15
       Scroll            |       |     7 |     2 |     4 ||    13
 Stab: Distracted        |       |       |     2 |       ||     2
       Sleeping          |       |       |     1 |       ||     1
Armor: Robe              |     4 |    10 |     7 |     4 ||    25
Dodge: Dodged            |    19 |    37 |    28 |    28 ||   112
       Repelled          |       |     1 |       |       ||     1

Levels and vault maps discovered:
D:1:      ldierk_walled_garden, layout_basic
D:2:      layout_loops_cross, guppyfry_early_orc_mine
D:3:      layout_basic, chequers_temple_overflow_minitemple, serial_shops, shop,
          ebering_ecumenical_altar_petrified
D:4:      layout_loops_corners, nemelex_xobeh_ov_fountains_minmay,
          portal_sewer_entry_f, serial_shops, shop_statue, kennysheep_diamond,
          nicolae_shop_sticking_my_neck_out, uniq_eustachio, uniq_ijyb,
          uniq_natasha
D:5:      cheibrodos_thug_alley, layout_rooms, elyvilon_altar_3, serial_shops,
          shop, nicolae_ossuary_entry_plus, st_stairs_7, nrook_mini_backslash,
          uniq_crazy_yiuf_cottage
D:6:      hangedman_cross_stitches, layout_loops_ring, old_standard_altar,
          minmay_temple_entry_antechambers, dk_rats_in_the_wall
D:7:      layout_basic, gammafunk_ghost_gnarly_gnolls, grunt_ministairs_9
D:8:      layout_rooms, grunt_temple_overflow_growth_and_decay,
          dpeg_lair_monsters, hangedman_decor_lopped
D:9:      layout_long_grid, fiery_altar_vehumet, minmay_orc_entry_temple_small,
          gammafunk_ghost_abyssal_escape, uniq_maurice
Temple:   nicolae_temple_hex_pool

Notes
Turn   | Place    | Note
-------+----------+-------------------------------------------
     0 | D:1      | spaghetti the Deep Dwarf Summoner began the quest for the
                  | Orb.
     0 | D:1      | Reached XP level 1. HP: 15/15 MP: 3/3
     0 | D:1      | magus.rc [v1.9.6]
   176 | D:1      | You pick up a book of Air and begin reading...
   176 | D:1      | You add the spells Shock, Swiftness and Airstrike to your
                  | library.
   382 | D:1      | Reached skill level 4 in Summonings
   486 | D:1      | Reached XP level 2. HP: 22/22 MP: 4/4
   489 | D:1      | Learned a level 2 spell: Call Imp
  1063 | D:2      | Noticed a scorpion
  1368 | D:1      | Killed a scorpion
  1369 | D:1      | Reached skill level 5 in Summonings
  1369 | D:1      | Reached skill level 2 in Spellcasting
  1369 | D:1      | Reached XP level 3. HP: 19/28 MP: 0/6
  1369 | D:1      | Reached XP level 4. HP: 24/36 MP: 0/7
  1373 | D:1      | Learned a level 3 spell: Call Canine Familiar
  2838 | D:3      | Found a faded altar of an unknown god.
  2929 | D:3      | Reached XP level 5. HP: 27/42 MP: 9/9
  3053 | D:3      | Reached skill level 3 in Spellcasting
  3203 | D:3      | You pick up a book of Storms and begin reading...
  3502 | D:3      | Reached skill level 1 in Air Magic
  3598 | D:3      | Learned a level 3 spell: Summon Guardian Golem
  3722 | D:3      | Found a glowing golden altar of the Shining One.
  3722 | D:3      | Found an ornate altar of the Wu Jian Council.
  3749 | D:3      | Found a faded altar of an unknown god.
  3754 | D:3      | Found a faded altar of an unknown god.
  3756 | D:3      | Found a shadowy altar of Dithmenos.
  3974 | D:3      | Found Caseps's Weapon Boutique.
  4072 | D:4      | Noticed Ijyb
  4111 | D:4      | Killed Ijyb
  4296 | D:4      | Found a glowing drain.
  4322 | D:4      | Found Piuheb's General Store.
  4363 | Sewer    | Entered a sewer
  4554 | Sewer    | Noticed a water moccasin
  4566 | Sewer    | Killed a water moccasin
  4567 | Sewer    | Reached skill level 2 in Air Magic
  4567 | Sewer    | Reached XP level 6. HP: 37/49 MP: 11/11
  4762 | D:4      | You pick up a book of Cantrips and begin reading...
  4762 | D:4      | You add the spells Animate Skeleton and Apportation to your
                  | library.
  4919 | D:4      | Reached skill level 4 in Spellcasting
  4950 | D:4      | Found a sparkling altar of Nemelex Xobeh.
  5051 | D:4      | Found Beupaat's Neck Hole.
  5093 | D:4      | Bought a scarf of repulsion for 144 gold pieces
  5147 | D:4      | Noticed Eustachio
  5199 | D:4      | Killed Eustachio
  5200 | D:4      | Reached skill level 3 in Air Magic
  5200 | D:4      | Reached XP level 7. HP: 23/55 MP: 2/13
  5515 | D:4      | Found Vemeqowke's Book Boutique.
  5636 | D:4      | Learned a level 3 spell: Swiftness
  5685 | D:4      | Noticed Natasha
  5700 | D:4      | Killed Natasha
  5722 | D:4      | Noticed Natasha
  5735 | D:4      | Killed Natasha
  5771 | D:4      | You pick up a book of Vapours and begin reading...
  5771 | D:4      | You add the spells Poisonous Vapours and Corpse Rot to your
                  | library.
  5983 | D:4      | Learned a level 2 spell: Poisonous Vapours
  5995 | D:5      | Entered Level 5 of the Dungeon
  6008 | D:5      | You pick up a book of Necromancy and begin reading...
  6008 | D:5      | You add the spells Pain and Vampiric Draining to your
                  | library.
  6048 | D:5      | Found a sand-covered staircase.
  6054 | Ossuary  | Entered an ossuary
  6054 | Ossuary  | Noticed a wraith
  6054 | Ossuary  | Noticed a wraith
  6054 | Ossuary  | Noticed a wraith
  6285 | Ossuary  | Noticed a wraith
  6416 | Ossuary  | HP: 8/55 [wraith (13)]
  6435 | Ossuary  | Killed a wraith
  6436 | Ossuary  | Reached skill level 5 in Spellcasting
  6436 | Ossuary  | Reached skill level 4 in Air Magic
  6760 | D:5      | HP: 12/55 [centaur/arrow (4)]
  6766 | D:5      | Reached XP level 8. HP: 12/62 MP: 11/14
  6784 | D:5      | Found Ewivumuq's Antique Armour Shoppe.
  6855 | D:5      | Found a white marble altar of Elyvilon.
  6950 | D:5      | Found a runed translucent door.
  6951 | D:5      | Noticed Crazy Yiuf
  7091 | D:6      | Noticed a cyclops
  7092 | D:6      | Noticed a boulder beetle
  7399 | D:5      | Learned a level 3 spell: Vampiric Draining
  7468 | D:5      | You add the spells Ignite Poison, Sticky Flame and
                  | Dispersal to your library.
  7468 | D:5      | Got Muppat's Grimoire of the Volcanoes and the Voyage
  7605 | D:5      | Killed Crazy Yiuf
  7735 | D:6      | Reached skill level 5 in Air Magic
  7877 | D:6      | Reached skill level 6 in Summonings
  8008 | D:6      | Killed a boulder beetle
  8009 | D:6      | Reached skill level 6 in Spellcasting
  8009 | D:6      | Reached skill level 7 in Summonings
  8009 | D:6      | Gained mutation: You passively map the area around you.
                  | [Deep Dwarf growth]
  8009 | D:6      | Reached XP level 9. HP: 65/68 MP: 1/18
  8149 | D:6      | Learned a level 4 spell: Summon Lightning Spire
  8204 | D:6      | Reached skill level 7 in Spellcasting
  8347 | D:6      | Killed a cyclops
  8467 | D:6      | Noticed a manticore
  8485 | D:6      | Killed a manticore
  8486 | D:6      | Reached skill level 8 in Spellcasting
  8486 | D:6      | Reached skill level 2 in Fighting
  8782 | D:6      | Reached skill level 3 in Fighting
  8787 | D:6      | Found a snail-covered altar of Cheibriados.
  8999 | D:6      | Reached skill level 3 in Dodging
  9134 | D:6      | Found a staircase to the Ecumenical Temple.
  9143 | Temple   | Entered the Ecumenical Temple
  9246 | Temple   | Became a worshipper of Ru the Awakened
  9580 | D:7      | Identified the +5 ring mail of Incorporation {rC+ MP+9
                  | Int+3}
  9580 | D:7      | Identified the +0 buckler of the Wasteland {Harm Str+5
                  | Int-3 Dex+3}
  9580 | D:7      | Found a transporter.
 10042 | D:7      | Found a transporter.
 10065 | D:7      | Noticed Bediveer's ghost (novice TeCj)
 10089 | D:7      | Identified the ring of Midnight {Fire rN+ Will+}
 10489 | D:7      | Reached XP level 10. HP: 35/85 MP: 21/21
 10932 | D:7      | Reached skill level 4 in Fighting
 10932 | D:7      | Reached skill level 1 in Necromancy
 11109 | D:4      | Bought a scroll of brand weapon for 200 gold pieces
 11277 | D:8      | Reached skill level 4 in Dodging
 11403 | D:8      | HP: 21/85 [killer bee (2)]
 11403 | D:8      | HP: 6/85 [something/ball of steam (15)]
 11425 | D:8      | HP: 21/85 [killer bee (6)]
 11498 | D:8      | Found a blossoming altar of Fedhas.
 11504 | D:8      | Reached skill level 2 in Necromancy
 11516 | D:8      | Found an ancient bone altar of Kikubaaqudgha.
 11683 | D:8      | Noticed a death yak
 11688 | D:8      | Killed a death yak
 11689 | D:8      | Noticed a death yak
 11690 | D:8      | Noticed a death yak
 11702 | D:8      | Found a staircase to the Lair.
 11885 | D:9      | Reached skill level 3 in Necromancy
 12068 | D:9      | Found a transporter.
 12072 | D:9      | Gained mutation: You cannot train Armour skill. [Ru
                  | sacrifice]
 12072 | D:9      | Reached * piety under Ru
 12118 | D:9      | Reached skill level 5 in Dodging
 12118 | D:9      | Reached skill level 8 in Summonings
 12166 | D:8      | HP: 14/87 [death yak (17)]
 12166 | D:8      | Slain by a wight

Vanquished Creatures
  A boulder beetle (D:6)
  A manticore (D:6)
  A wraith (Ossuary)
  Eustachio (D:4)
  2 sky beasts
  2 bullfrogs
  A killer bee (D:8)
  2 adders
  2 orcs
  2 goblins (D:1)
  2 hobgoblins (D:1)
  A kobold (D:1)
  A rat (D:3)
19 creatures vanquished.

Vanquished Creatures (collateral kills)
  A death yak (D:8)
  A steam dragon (D:8)
  A water moccasin (Sewer)
  An ice beast (D:6)
  An orc warrior (D:7)
  2 sky beasts
  3 centaurs
  2 ogres (D:6)
  A phantom (D:6)
  5 kobold brigands
  2 scorpions
  4 wights
  3 killer bees (D:8)
  A howler monkey (D:7)
  4 hounds
  A gnoll shaman (D:9)
  2 orc priests
  2 jellies
  2 iguanas
  Ijyb (D:4)
  3 orc wizards
  Natasha (twice) (D:4)
  2 nameless horrors
  A mummy (Ossuary)
  4 gnolls (D:9)
  6 adders
  2 shadow imps
  A white imp (D:7)
  An ufetubus (D:4)
  A worm (D:3)
  3 dart slugs
  9 orcs
  A bat (D:2)
  2 endoplasms
  5 giant cockroaches
  5 goblins
  11 hobgoblins
  6 jackals
  30 kobolds
  4 quokkas (D:4)
  9 ball pythons
  2 frilled lizards
  7 gnoll skeletons (Ossuary)
  3 kobold skeletons (Ossuary)
  15 orc skeletons (Ossuary)
  A rat (D:1)
176 creatures vanquished.

Vanquished Creatures (others)
  A cyclops (D:6)
  A troll (D:9)
  A sky beast (D:8)
  An ogre (D:6)
  A black bear (D:4)
  A centaur (D:5)
  A wight (D:8)
  A jelly (D:5)
  Crazy Yiuf (D:5)
  An adder (D:6)
  6 plants (D:7)
  5 toadstools (D:1)
  3 withered plants
24 creatures vanquished.

Grand Total: 219 creatures vanquished

Table legend:
 A = Non-vault XP
 B = Vault XP
 C = Vault XP percentage of total XP
 D = Non-vault monster count
 E = Vault monster count
 F = Vault count percentage of total count
                 A         B        C        D         E       F
            +---------+---------+-------+---------+---------+-------
      Total |    3398 |    4676 |  57.9 |     128 |      75 |  36.9
            +---------+---------+-------+---------+---------+-------
        D:1 |     113 |       0 |   0.0 |      18 |       0 |   0.0
        D:2 |      60 |      17 |  22.1 |      13 |       7 |  35.0
        D:3 |      43 |       0 |   0.0 |      15 |       0 |   0.0
        D:4 |     333 |     284 |  46.0 |      21 |      10 |  32.3
        D:5 |     359 |     244 |  40.5 |      10 |      11 |  52.4
        D:6 |     442 |    2677 |  85.8 |      10 |      12 |  54.5
        D:7 |     681 |     258 |  27.5 |      11 |       4 |  26.7
        D:8 |     974 |     797 |  45.0 |      24 |       1 |   4.0
        D:9 |     393 |       0 |   0.0 |       6 |       0 |   0.0
      Sewer |       0 |     151 | 100.0 |       0 |       3 | 100.0
    Ossuary |       0 |     248 | 100.0 |       0 |      27 | 100.0
            +---------+---------+-------+---------+---------+-------

Illustrated notes

Table legend:
 A = Kills in this place as a percentage of kills in entire the game.
 B = Kills by you in this place as a percentage of kills by you in the entire game.
 C = Kills by friends in this place as a percentage of kills by friends in the entire game.
 D = Other kills in this place as a percentage of other kills in the entire game.
 E = Experience gained in this place as a percentage of experience gained in the entire game.
 F = Experience gained in this place divided by the number of levels of this place that you have seen.
                   A       B       C       D       E      F
               +-------+-------+-------+-------+-------+----------------------
         Total | 100.0 | 100.0 | 100.0 | 100.0 | 100.0 | 672.8
       Dungeon |  85.2 |  94.7 |  83.3 | 100.0 |  95.1 | 852.8
         Sewer |   1.5 |   0.0 |   1.7 |   0.0 |   1.9 | 151.0
       Ossuary |  13.3 |   5.3 |  14.9 |   0.0 |   3.1 | 248.0
               +-------+-------+-------+-------+-------+----------------------

Table legend: (Time is in decaauts)
 A = Elapsed time spent in this place.
 B = Non-inter-level travel time spent in this place.
 C = Inter-level travel time spent in this place.
 D = Time resting spent in this place.
 E = Time spent auto-exploring this place.
 F = Levels seen in this place.
 G = Mean time per level.
                   A        B        C        D        E       F      G
               +--------+--------+--------+--------+--------+-----+--------+
         Total |  12253 |  11534 |    719 |   2043 |   7308 |  12 | 1021.1 |
       Dungeon |  11225 |  10547 |    678 |   1952 |   6671 |   9 | 1247.2 |
        Temple |    116 |     75 |     41 |      0 |     63 |   1 |  116.0 |
         Sewer |    297 |    297 |      0 |      0 |    235 |   1 |  297.0 |
       Ossuary |    615 |    615 |      0 |     91 |    339 |   1 |  615.0 |
               +--------+--------+--------+--------+--------+-----+--------+

Top non-repeatable levels by time:
     D:4: 1678 daAuts
     D:6: 1594 daAuts
     D:7: 1494 daAuts
     D:5: 1445 daAuts
     D:1: 1444 daAuts
     D:2: 1407 daAuts
     D:3: 1249 daAuts
 Ossuary: 615 daAuts
     D:9: 461 daAuts
     D:8: 448 daAuts
   Sewer: 297 daAuts
  Temple: 116 daAuts
